 Dungeon Crawl Stone Soup version 0.26-a0-720-g2a1d101370 (webtiles) character file.

Game seed: 1028735328486509096

1965 robertstho the Chiller (level 9, 0/65 HPs)
             Began as a Gnoll Ice Elementalist on Nov 2, 2020.
             Was an Initiate of Sif Muna.
             Slain by Harold
             ... wielding a +0 vorpal battleaxe
              (7 damage)
             ... on level 7 of the Dungeon.
             The game lasted 00:10:57 (7565 turns).

robertstho the Chiller (Gnoll Ice Elementalist)     Turns: 7565, Time: 00:10:58

Health: 0/65       AC:  4    Str: 12    XL:     9   Next: 19%
Magic:  11/18      EV: 16    Int: 20    God:    Sif Muna [......]
Gold:   345        SH:  0    Dex: 15    Spells: 6/21 levels left

rFire    . . .     SeeInvis .   B - +2 quarterstaff (vorpal)
rCold    . . .     Faith    .   (shield currently unavailable)
rNeg     . . .     Spirit   .   a - +0 robe
rPois    .         Reflect  .   (no helmet)
rElec    .         Harm     .   p - +0 cloak
rCorr    .         Rampage  .   (no gloves)
MR       .....     Rnd*Tele +   d - +0 pair of boots
Stlth    ++........             (no amulet)
HPRegen  0.20/turn              q - ring of attention (curse)
MPRegen  0.16/turn              u - ring of teleportation (curse)

@: frozen ramparts
A: distributed training, fangs 1, strong nose
a: Renounce Religion


You were on level 7 of the Dungeon.
You worshipped Sif Muna.
Sif Muna was noncommittal.
You visited 2 branches of the dungeon, and saw 8 of its levels.
You also visited: Sewer.

You collected 345 gold pieces.

Inventory:

Hand Weapons
 g - a +1 falchion of freezing
 y - a +1 vorpal hand axe
 z - a +2 whip of freezing
 B - a +2 vorpal quarterstaff (weapon)
Missiles
 n - 36 poisoned darts (quivered)
Armour
 a - a +0 robe (worn)
 d - a +0 pair of boots (worn)
 p - a +0 cloak (worn)
Jewellery
 q - a cursed ring of attention (left hand)
 u - a cursed ring of teleportation (right hand)
 x - an uncursed ring of resist corrosion {unknown}
 A - an uncursed ring of magical power
Wands
 t - a wand of random effects (20)
Scrolls
 b - 5 scrolls of magic mapping {unknown}
 e - 7 scrolls of identify {unknown}
 f - 7 scrolls of amnesia {unknown}
 h - 2 scrolls of enchant armour {unknown}
 i - 3 scrolls of teleportation {unknown}
 k - a scroll of random uselessness {unknown}
 m - 4 scrolls of remove curse {unknown}
 r - a scroll of fear {unknown}
 v - a scroll of enchant weapon {unknown}
 w - a scroll of fog {unknown}
Potions
 c - a potion of stabbing
 j - 3 potions of degeneration {unknown}
 l - 4 potions of curing {unknown}
 o - 2 potions of haste {unknown}
 s - a potion of flight {unknown}


   Skills:
 + Level 4.0 Fighting
 + Level 4.0 Short Blades
 + Level 4.0 Long Blades
 + Level 4.0 Axes
 + Level 4.0 Maces & Flails
 + Level 4.0 Polearms
 + Level 4.0 Staves
 + Level 4.0 Slings
 + Level 4.0 Bows
 + Level 4.0 Crossbows
 + Level 4.0 Throwing
 + Level 4.0 Armour
 + Level 6.1 Dodging
 + Level 5.8 Stealth
 + Level 4.0 Shields
 + Level 4.0 Unarmed Combat
 + Level 6.5 Spellcasting
 + Level 3.3 Conjurations
 + Level 3.3 Hexes
 + Level 3.3 Summonings
 + Level 3.3 Necromancy
 + Level 3.3 Translocations
 + Level 3.3 Transmutations
 + Level 3.3 Fire Magic
 + Level 7.9 Ice Magic
 + Level 3.3 Air Magic
 + Level 3.3 Earth Magic
 + Level 3.3 Poison Magic
 + Level 4.4 Invocations
 + Level 4.0 Evocations


You had 6 spell levels left.
You knew the following spells:

 Your Spells              Type           Power        Failure   Level
a - Freeze                Ice            ####         1%          1
b - Frozen Ramparts       Ice            #####.       1%          3
c - Ozocubu's Armour      Ice            #####...     1%          3
d - Hailstorm             Conj/Ice       ####....     10%         4
e - Summon Ice Beast      Ice/Summ       ####....     10%         4

Your spell library contained the following spells:

 Spells                   Type           Power        Failure   Level


Dungeon Overview and Level Annotations

Branches:
Dungeon (7/15)             Temple (1/1) D:4           Sewer (visited)

Altars:
Ashenzari
Cheibriados
Dithmenos
Elyvilon
Gozag
Hepliaklqana
Kikubaaqudgha
Makhleb
Nemelex Xobeh
Okawaru
Qazlal
Ru
Sif Muna
Trog
Uskayaw
Wu Jian
Xom
Yredelemnul
The Shining One

Annotations:
D:6 3 runed translucent doors, boltboy's ghost, amateur MiFi
D:7 Harold


Innate Abilities, Weirdness & Mutations

Your experience applies equally to all skills.
You have very sharp teeth.
Your uncanny sense of smell can sniff out nearby items.


Message History

You see here a throwing net.
Casting: Summon Ice Beast (dangerous; 10% risk of failure)
Confirm with . or Enter, or press ? or * to list all spells.
The walls around you are covered in ice.
The wall freezes Harold.
Unknown command.
Casting: Frozen Ramparts (safe; 1% risk of failure)
Confirm with . or Enter, or press ? or * to list all spells.
A chill wind blows around you.
The wall freezes Harold!
Harold hits you with a +0 vorpal battleaxe.
Unknown command.
You struggle against the net.
The wall freezes Harold!
Harold hits you with a +0 vorpal battleaxe!!
You tear a large gash into the net.
You struggle against the net.
The wall freezes Harold!
Harold hits you with a +0 vorpal battleaxe.
You rip the net and break free!
The wall freezes Harold.
Harold hits you with a +0 vorpal battleaxe!!
* * * LOW HITPOINT WARNING * * *
You die...

#.....#######
#.....#
#.....#
#.....#
#.....#
......#
.....#.#
#.#########.#
......@@Y...#
#.##.########


You could see Harold and a friendly ice beast (summoned).

Vanquished Creatures
  Pikel (D:7)
  Joseph (D:7)
  A water moccasin (D:6)
  A nameless horror (D:4)
  A phantom (D:4)
  An ogre (D:4)
  2 lemures (D:7)
  2 bullfrogs
  A centaur zombie (D:5)
  3 hounds
  A bullfrog skeleton (D:7)
  3 orc priests
  2 orc wizards
  A centaur skeleton (D:6)
  An iguana (D:4)
  3 worker ants
  9 adders
  3 gnolls (D:4)
  A shadow imp (D:5)
  A white imp (D:5)
  2 oozes (D:3)
  An adder skeleton (D:4)
  5 worms
  A dart slug (D:3)
  12 leopard geckos
  16 orcs
  14 giant cockroaches
  7 goblins
  3 hobgoblins
  8 jackals
  3 kobolds
  3 quokkas
  2 ball pythons
  3 bats
  10 frilled lizards
  A jackal skeleton (D:6)
  9 rats
139 creatures vanquished.

Vanquished Creatures (collateral kills)
  2 phantoms (D:5)
  A lemure (D:7)
  A centaur skeleton (D:7)
  A worker ant (D:7)
  A white imp (D:5)
6 creatures vanquished.

Grand Total: 145 creatures vanquished

Notes
Turn   | Place    | Note
-------+----------+-------------------------------------------
     0 | D:1      | robertstho the Gnoll Ice Elementalist began the quest for
                  | the Orb.
     0 | D:1      | Reached XP level 1. HP: 13/13 MP: 6/6
   180 | D:1      | Reached XP level 2. HP: 19/19 MP: 5/7
   618 | D:2      | Reached XP level 3. HP: 24/25 MP: 7/9
   803 | D:2      | Reached skill level 5 in Spellcasting
  1046 | D:2      | Reached skill level 1 in Invocations
  1267 | D:2      | Reached skill level 1 in Fighting
  1267 | D:2      | Reached skill level 1 in Short Blades
  1267 | D:2      | Reached skill level 1 in Long Blades
  1267 | D:2      | Reached skill level 1 in Axes
  1267 | D:2      | Reached skill level 1 in Maces & Flails
  1267 | D:2      | Reached skill level 1 in Polearms
  1267 | D:2      | Reached skill level 1 in Staves
  1267 | D:2      | Reached skill level 1 in Slings
  1267 | D:2      | Reached skill level 1 in Bows
  1267 | D:2      | Reached skill level 1 in Crossbows
  1267 | D:2      | Reached skill level 1 in Throwing
  1267 | D:2      | Reached skill level 1 in Armour
  1267 | D:2      | Reached skill level 1 in Shields
  1267 | D:2      | Reached skill level 1 in Unarmed Combat
  1267 | D:2      | Reached skill level 1 in Evocations
  1722 | D:2      | Reached XP level 4. HP: 26/32 MP: 9/11
  1851 | D:3      | Learned a level 3 spell: Frozen Ramparts
  1951 | D:3      | You fall into a shaft and drop 3 floors!
  1959 | D:6      | Learned a level 3 spell: Ozocubu's Armour
  1964 | D:6      | Learned a level 4 spell: Hailstorm
  1993 | D:6      | Noticed a bullfrog
  1999 | D:6      | Killed a bullfrog
  1999 | D:6      | Reached skill level 1 in Conjurations
  1999 | D:6      | Reached skill level 1 in Hexes
  1999 | D:6      | Reached skill level 1 in Summonings
  1999 | D:6      | Reached skill level 1 in Necromancy
  1999 | D:6      | Reached skill level 1 in Translocations
  1999 | D:6      | Reached skill level 1 in Transmutations
  1999 | D:6      | Reached skill level 1 in Fire Magic
  1999 | D:6      | Reached skill level 1 in Air Magic
  1999 | D:6      | Reached skill level 1 in Earth Magic
  1999 | D:6      | Reached skill level 1 in Poison Magic
  1999 | D:6      | Reached XP level 5. HP: 37/37 MP: 8/12
  2074 | D:6      | Found a glowing drain.
  2093 | Sewer    | Entered a sewer
  2597 | Sewer    | Reached XP level 6. HP: 44/44 MP: 8/13
  2993 | D:6      | Found a burning altar of Makhleb.
  3083 | D:6      | Found a runed translucent gate.
  3084 | D:6      | Found a runed translucent gate.
  3085 | D:6      | Found a runed translucent gate.
  3086 | D:6      | Found an opulent altar of Gozag.
  3087 | D:6      | Noticed boltboy's ghost (amateur MiFi)
  3087 | D:6      | Noticed a shadow
  3090 | D:6      | Reached skill level 5 in Dodging
  3656 | D:6      | Noticed a water moccasin
  3664 | D:6      | Killed a water moccasin
  3664 | D:6      | Reached XP level 7. HP: 50/50 MP: 11/15
  3833 | D:5      | Entered Level 5 of the Dungeon
  3886 | D:5      | Learned a level 4 spell: Summon Ice Beast
  4642 | D:5      | Reached skill level 5 in Stealth
  4740 | D:5      | Found a shadowy altar of Dithmenos.
  5196 | D:4      | Reached XP level 8. HP: 53/57 MP: 16/16
  5250 | D:4      | Noticed a nameless horror
  5257 | D:4      | Killed a nameless horror
  5604 | D:4      | Found a staircase to the Ecumenical Temple.
  5752 | Temple   | Entered the Ecumenical Temple
  5991 | Temple   | Became a worshipper of Sif Muna the Loreminder
  6976 | D:7      | Noticed Pikel
  7004 | D:7      | Killed Pikel
  7132 | D:7      | Noticed Joseph
  7302 | D:7      | Killed Joseph
  7302 | D:7      | Reached XP level 9. HP: 36/65 MP: 0/18
  7460 | D:7      | Found an ornate altar of the Wu Jian Council.
  7462 | D:7      | Found a sparkling altar of Nemelex Xobeh.
  7556 | D:7      | Noticed Harold
  7565 | D:7      | Slain by Harold

Illustrated notes

Levels and vault maps discovered:
D:1:      dpeg_arrival_erosion, layout_basic, minmay_misc_feat_secret_circle
D:2:      layout_loops_corners
D:3:      layout_basic, minmay_unequal
D:4:      layout_loops_ring, minmay_temple_entry_glassed_door
D:5:      layout_cave_pools, marbit_many_paths
D:6:      layout_loops_corners, kennysheep_mini_moat, ebering_ghost_gozag,
          gup_sewer_entry_pipe
D:7:      layout_basic, nicolae_overflow_hidden_temple,
          overflow_temple_1_default, gammafunk_temple_overflow_pools,
          uniq_pikel, uniq_harold, uniq_joseph
Temple:   regret_index_temple_generic_petals

Skill      XL: |  1  2  3  4  5  6  7  8 |
---------------+-------------------------+-----
Spellcasting   | 5 6 |  6.5
Invocations    | 1 2 3 4 |  4.4
Fighting       | 1 2 4 |  4.0
Short Blades   | 1 2 4 |  4.0
Long Blades    | 1 2 4 |  4.0
Axes           | 1 2 4 |  4.0
Maces & Flails | 1 2 4 |  4.0
Polearms       | 1 2 4 |  4.0
Staves         | 1 2 4 |  4.0
Slings         | 1 2 4 |  4.0
Bows           | 1 2 4 |  4.0
Crossbows      | 1 2 4 |  4.0
Throwing       | 1 2 4 |  4.0
Armour         | 1 2 4 |  4.0
Shields        | 1 2 4 |  4.0
Unarmed Combat | 1 2 4 |  4.0
Evocations     | 1 2 4 |  4.0
Conjurations   | 1 2 3 |  3.3
Hexes          | 1 2 3 |  3.3
Summonings     | 1 2 3 |  3.3
Necromancy     | 1 2 3 |  3.3
Translocations | 1 2 3 |  3.3
Transmutations | 1 2 3 |  3.3
Fire Magic     | 1 2 3 |  3.3
Air Magic      | 1 2 3 |  3.3
Earth Magic    | 1 2 3 |  3.3
Poison Magic   | 1 2 3 |  3.3
Dodging        | 5 6 |  6.1
Stealth        | 5 |  5.8
Ice Magic      | |  7.9

Action                   |  1- 3 |  4- 6 |  7- 9 || total
-------------------------+-------+-------+-------++-------
Melee: Unarmed           |    23 |       |       ||    23
       Falchion          |    12 |    49 |    74 ||   135
       Bite              |     1 |     4 |    12 ||    17
       Punch             |       |       |     1 ||     1
       Hand axe          |       |       |     5 ||     5
       Quarterstaff      |       |       |     3 ||     3
 Cast: Freeze            |    31 |     6 |    12 ||    49
       Frozen Ramparts   |       |    19 |    38 ||    57
       Summon Ice Beast  |       |       |    17 ||    17
       Ozocubu's Armour  |       |       |     1 ||     1
  Use: Potion            |       |       |     3 ||     3
 Stab: Sleeping          |     4 |     2 |     2 ||     8
       Distracted        |       |       |     2 ||     2
Armor: Robe              |     6 |     3 |     8 ||    17
Dodge: Dodged            |    49 |    47 |    96 ||   192
       Rpst.: Falchion   |     4 |    13 |    31 ||    48

Table legend: (Time is in decaauts)
 A = Elapsed time spent in this place.
 B = Non-inter-level travel time spent in this place.
 C = Inter-level travel time spent in this place.
 D = Time resting spent in this place.
 E = Time spent auto-exploring this place.
 F = Levels seen in this place.
 G = Mean time per level.
                   A        B        C        D        E       F      G
               +--------+--------+--------+--------+--------+-----+--------+
         Total |   7689 |   7301 |    388 |    291 |   5706 |   9 |  854.3 |
       Dungeon |   6561 |   6202 |    359 |    280 |   4855 |   7 |  937.3 |
        Temple |    256 |    227 |     29 |      0 |    226 |   1 |  256.0 |
         Sewer |    871 |    871 |      0 |     11 |    624 |   1 |  871.0 |
               +--------+--------+--------+--------+--------+-----+--------+

Top non-repeatable levels by time:
     D:2: 1278 daAuts
     D:4: 1277 daAuts
     D:6: 1131 daAuts
     D:5: 1002 daAuts
   Sewer: 871 daAuts
     D:3: 676 daAuts
     D:7: 611 daAuts
     D:1: 584 daAuts
  Temple: 256 daAuts
